 Dungeon Crawl Stone Soup version 0.31-a0-524-g2a164cf6a2 (webtiles) character file.

Game seed: 17929033699048240436

410 AdnanSaban the Covered (level 6, -6/38 HPs)
             Began as a Gargoyle Fighter on Aug 12, 2023.
             Killed from afar by an orc wizard (9 damage)
             ... with a puff of flame
             ... on level 4 of the Dungeon.
             The game lasted 00:04:18 (3455 turns).

AdnanSaban the Covered (Gargoyle Fighter)           Turns: 3455, Time: 00:04:18

Health: -6/38      AC: 16    Str: 21    XL:     6   Next: 89%
Magic:  6/6        EV:  6    Int:  9    God:
Gold:   111        SH:  0    Dex:  9    Spells: 5/5 levels left

rFire   . . .        a - +0 flail
rCold   . . .        c - +0 buckler
rNeg    + . .        o - +0 plate armour
rPois   ∞            (no helmet)
rElec   +            (no cloak)
rCorr   .            (no gloves)
SInv    .            (no boots)
Will    .....        (no amulet) Stlth
                     (no ring)
HPRegen 0.26/turn    (no ring)
MPRegen 0.10/turn

%: no passive effects
@: confused
A: sickness immunity, AC +4, negative energy resistance 1, electricity
resistance, torment resistance 1, petrification resistance
a: no special abilities


You were on level 4 of the Dungeon.
You visited 1 branch of the dungeon, and saw 4 of its levels.
You also visited: Sewer.

You collected 111 gold pieces.

Inventory:

Hand Weapons
 a - a +0 flail (weapon)
Missiles
 q - 6 javelins
Armour
 c - a +0 buckler (worn)
 o - a +0 plate armour (worn)
Scrolls
 e - 2 scrolls of identify {unknown}
 h - a scroll of revelation {unknown}
 k - a scroll of fog {unknown}
 n - a scroll of poison {unknown}
 p - a scroll of vulnerability {unknown}
Potions
 b - 3 potions of heal wounds {unknown}
 d - 2 potions of might
 f - a potion of attraction {unknown}
 g - a potion of brilliance {unknown}
 i - a potion of enlightenment {unknown}
 j - 2 potions of lignification {unknown}
 l - 2 potions of haste {unknown}
 m - a potion of cancellation {unknown}


   Skills:
 + Level 4.1 Fighting
 + Level 4.6 Maces & Flails
 + Level 5.3 Armour
 + Level 0.5 Dodging
 + Level 0.1 Stealth
 + Level 4.4 Shields


You had 5 spell levels left.
You didn't know any spells.
Your spell library contained the following spells:

 Spells                   Type           Power      Damage    Failure   Level
 Kiss of Death            Conj/Necr      0%         2d5       100%        1


Dungeon Overview and Level Annotations

Branches:
Dungeon (4/15)              Sewer (visited)
 Temple: D:4-7

Altars:
Qazlal
Sif Muna
Trog
Vehumet
Lugonu

Portals:
Abyss: D:3


Innate Abilities, Weirdness & Mutations

You are immune to sickness and miasma.
Your stone body is resilient. (AC +4)
You are immune to poison.
You resist negative energy. (rN+)
You are resistant to electric shocks. (rElec)
You are resistant to unholy torment.
You are immune to petrification.


Message History

You are more confused.
You closely miss the orc priest.
The orc priest is heavily wounded.
The orc priest barely misses you.
The orc priest begins to cast a cantrip, but forgets the words!
Something hits you.
* * * LOW HITPOINT WARNING * * *
You sock the orc priest!
You kill the orc priest!
Something hits you but does no damage.
You hear some strange, mumbled words.
A puff of flame appears from out of thin air!
The puff of flame hits you.
* * * LOW HITPOINT WARNING * * *
The orc priest hits you but does no damage.
You bump into the rock wall.
The orc priest hits you but does no damage.
Something hits you but does no damage.
You bump into the rock wall.
The orc priest hits you but does no damage.
Something hits you.
* * * LOW HITPOINT WARNING * * *
You are too injured to fight recklessly!
You hit the orc priest.
The orc priest is lightly wounded.
The orc priest closely misses you. Something hits you but does no damage.
You're too confused to move!
The orc priest hits you but does no damage.
Something hits you but does no damage.
You hit the orc priest.
The orc priest is moderately wounded.
The orc priest closely misses you.
You hear some strange, mumbled words.
You are more confused.
You bump into the rock wall.
The orc priest begins to cast a cantrip, but forgets the words!
You hear some strange, mumbled words.
A puff of flame appears from out of thin air!
The puff of flame hits you!
You die...

###### #.# #.)o@# #.#
#.#{## #.# #.#.# #.#
#{#.# #.# #{#.# #.##
#.#.######### ...#
#.#.........#
...##########o#########.#
.$.(..o..{{.........# #.#


You could see an orc priest.

Vanquished Creatures
  Pargi (Sewer)
  A sky beast (D:3)
  An orc priest (D:4)
  2 orc wizards (D:3)
  A gnoll (D:3)
  5 adders
  A white imp (D:3)
  A dart slug (D:3)
  9 orcs
  6 bats
  4 endoplasms
  A giant cockroach (D:3)
  4 goblins
  7 hobgoblins
  8 jackals
  2 quokkas
  11 ball pythons
  8 frilled lizards
  8 kobolds
  4 rats
85 creatures vanquished.

Vanquished Creatures (others)
  An orc wizard (D:4)
1 creature vanquished.

Grand Total: 86 creatures vanquished

Notes
Turn   | Place    | Note
-------+----------+-------------------------------------------
     0 | D:1      | AdnanSaban the Gargoyle Fighter began the quest for the
                  | Orb.
     0 | D:1      | Reached XP level 1. HP: 14/14 MP: 1/1
   352 | D:1      | Reached XP level 2. HP: 19/19 MP: 2/2
  1000 | D:2      | Reached XP level 3. HP: 24/24 MP: 3/3
  1421 | D:2      | Reached XP level 4. HP: 27/29 MP: 4/4
  1895 | D:3      | Found a stormy altar of Qazlal.
  1895 | D:3      | Noticed a sky beast
  1984 | D:3      | Found a glowing drain.
  2013 | Sewer    | Entered a sewer
  2040 | Sewer    | Noticed Pargi
  2061 | Sewer    | Killed Pargi
  2062 | Sewer    | Reached skill level 4 in Armour
  2062 | Sewer    | Reached XP level 5. HP: 12/33 MP: 5/5
  2453 | D:3      | Found a shimmering blue altar of Sif Muna.
  2459 | D:3      | Reached XP level 6. HP: 38/38 MP: 6/6
  2479 | D:3      | Got Sif Muna's Cyclopedia of the Graveyard
  2484 | D:3      | Found a bloodstained altar of Trog.
  2588 | D:3      | Killed a sky beast
  2622 | D:3      | Found a radiant altar of Vehumet.
  2716 | D:3      | Reached skill level 5 in Armour
  2794 | D:3      | Found a one-way gate to the infinite horrors of the Abyss.
  2980 | D:3      | Found a large runed translucent door.
  2980 | D:3      | Found a large runed translucent door.
  2984 | D:3      | Found a corrupted altar of Lugonu.
  3455 | D:4      | Killed from afar by an orc wizard

Illustrated notes

Levels and vault maps discovered:
D:1:      minmay_arrival_jagged, layout_loops_corners
D:2:      layout_basic
D:3:      due_chaos_kobolds, layout_basic,
          nzn_overflow_gifts_of_might_and_magic, nicolae_vehumet_radiance,
          nicolae_qazlal_beasts_of_the_sky, portal_sewer_entry_a,
          kennysheep_potato
D:4:      layout_basic, minmay_fractal_squares_diagonal_5

Skill      XL: |  1  2  3  4  5  6 |
---------------+-------------------+-----
Maces & Flails | 3 4 |  4.6
Shields        | 4 |  4.4
Fighting       | 4 |  4.1
Armour         | 4 5 |  5.3
Dodging        | |  0.5
Stealth        | |  0.1

Action                     |  1- 3 |  4- 6 || total
---------------------------+-------+-------++-------
  Melee: Flail             |   116 |   231 ||   347
 Armour: Scale mail        |     8 |       ||     8
         Chain mail        |    96 |   193 ||   289
         Plate armour      |       |    80 ||    80
  Dodge: Dodged            |    63 |   100 ||   163
  Block: Buckler           |    36 |    65 ||   101

Table legend: (Time is in decaauts)
 A = Elapsed time spent in this place.
 B = Non-inter-level travel time spent in this place.
 C = Inter-level travel time spent in this place.
 D = Time resting spent in this place.
 E = Time spent auto-exploring this place.
 F = Levels seen in this place.
 G = Mean time per level.
                   A        B        C        D        E       F      G
               +--------+--------+--------+--------+--------+-----+--------+
         Total |   3576 |   3374 |    202 |    133 |   2457 |   5 |  715.2 |
       Dungeon |   3232 |   3030 |    202 |    133 |   2234 |   4 |  808.0 |
         Sewer |    344 |    344 |      0 |      0 |    222 |   1 |  344.0 |
               +--------+--------+--------+--------+--------+-----+--------+

Top non-repeatable levels by time:
     D:2: 1255 daAuts
     D:3: 1049 daAuts
     D:1: 831 daAuts
   Sewer: 344 daAuts
     D:4: 96 daAuts
